 Dungeon Crawl Stone Soup version 0.13-a0-2700-g8dc4729 (webtiles) character file.

9429 JacquesDerrida the Sharpshooter (level 11, -12/57 HPs)
             Began as a Tengu Hunter on Aug 15, 2013.
             Was a Follower of Kikubaaqudgha.
             Mangled by an ogre
             ... wielding a +0,+0 giant spiked club
              (21 damage)
             ... on Level 11 of the Dungeon.
             The game lasted 00:58:17 (16659 turns).

JacquesDerrida the Sharpshooter (Tengu Hunter)     Turns: 16659, Time: 00:58:17

HP -12/57        AC  7     Str 15      XL: 11   Next: 37%
MP  22/22        EV 12     Int 12      God: Kikubaaqudgha [*.....]
Gold 558         SH  0     Dex 15      Spells:  5 memorised,  1 level left

Res.Fire  : . . .   See Invis. : .   b - +2 crossbow
Res.Cold  : + . .   Warding    : +   d - +0 leather armour (curse)
Life Prot.: + . .   Conserve   : .   (no shield)
Res.Poison: .       Res.Corr.  : .   (helmet restricted)
Res.Elec. : .       Clarity    : .   S - +0 cloak
Sust.Abil.: . .     Spirit.Shd : .   P - +1 pair of dwarf gloves
Res.Mut.  : .       Stasis     : .   (boots unavailable)
Res.Rott. : .       Flight     : .   H - amulet of warding
Saprovore : . . .                    W - ring of protection from cold
                                     B - ring of wizardry

@: quite resistant to hostile enchantments, unstealthy
A: able to fly, beak, talons 3, magic resistance 1, AC +1, Str +1, Dex -1
a: Fly, Receive Corpses, Renounce Religion


You were on level 11 of the Dungeon.
You worshipped Kikubaaqudgha.
Kikubaaqudgha was most pleased with you.
You were not hungry.

You visited 3 branches of the dungeon, and saw 14 of its levels.

You collected 594 gold pieces.
You spent 56 gold pieces at shops.

Inventory:

Hand weapons
 a - the +3,+6 short sword of Reason {drain, Str+4 Int+2}
   (You found it on level 5 of the Dungeon)

   A truly terrible weapon, it drains the life of those it strikes.
   It affects your strength (+4).
   It affects your intelligence (+2).
 b - a +2,+2 crossbow (weapon)
 E - a +2 blowgun
 R - a +2,+1 dagger of venom
Missiles
 c - 102 bolts (quivered)
 j - 5 needles of slowing
 D - 35 poisoned needles
 M - 7 bolts of frost
Armour
 d - a cursed +0 leather armour (worn)
 P - a +1 pair of dwarven gloves (worn)
 S - a +0 cloak (worn)
 V - the +4 ring mail of Creativity {rElec rC+}
   (You found it on level 10 of the Dungeon)

   It protects you from cold.
   It insulates you from electricity.
Magical devices
 k - a wand of digging (8)
 l - a wand of magic darts (11)
 s - a wand of polymorph (6)
 y - a wand of hasting (5)
 N - a wand of fire (2)
 O - a wand of lightning (0)
 X - a wand of digging (13)
Comestibles
 f - 7 bread rations
Scrolls
 g - 4 scrolls of amnesia
 i - a scroll of fear
 n - 9 scrolls of remove curse
 o - 3 scrolls of identify
 p - a scroll of enchant armour {unknown}
 r - a scroll of curse armour
 t - a scroll of enchant weapon I
 v - 3 scrolls of recharging
 w - a scroll of noise
 x - 6 scrolls of teleportation
Jewellery
 e - an uncursed ring of flight
 z - a -2 ring of evasion
 B - a ring of wizardry (left hand)
 H - an amulet of warding (around neck)
 U - a +2 ring of dexterity
 W - a ring of protection from cold (right hand)
Potions
 m - 4 potions of magic
 u - a potion of restore abilities
 A - 3 potions of brilliance
 C - a potion of degeneration
 G - a potion of cure mutation
 I - 2 potions of paralysis
 J - a potion of berserk rage
 K - 3 potions of poison
Books
 q - Kikubaaqudgha's Almanac of Sinister Magic
   (Kikubaaqudgha gifted it to you on level 9 of the Dungeon)

   Spells                             Type                      Level
   *Animate Skeleton                  Necromancy                   1
   Lethal Infusion                    Charms/Necromancy            2
   Sublimation of Blood               Necromancy                   2
   *Vampiric Draining                 Necromancy                   3
   *Control Undead                    Necromancy                   4
 L - Kikubaaqudgha's Tome of Black Magic
   (Kikubaaqudgha gifted it to you on level 1 of the Orcish Mines)

   Spells                             Type                      Level
   *Animate Dead                      Necromancy                   4
   Excruciating Wounds                Charms/Necromancy            5
   Dispel Undead                      Necromancy                   5
   *Twisted Resurrection              Necromancy                   5
   Bolt of Draining                   Conjuration/Necromancy       6


   Skills:
 - Level 1.0 Fighting
 - Level 15.0 Crossbows
 + Level 3.2 Dodging
 - Level 1.0 Stealth
 - Level 4.1 Spellcasting
 - Level 9.9 Necromancy


You had one spell level left.
You knew the following spells:

 Your Spells              Type           Power        Failure   Level  Hunger
a - Animate Skeleton      Necr           N/A          1%          1    #......
b - Vampiric Draining     Necr           ####......   1%          3    ###....
c - Control Undead        Necr           ####......   1%          4    #####..
d - Animate Dead          Necr           N/A          1%          4    #####..
e - Twisted Resurrection  Necr           ####......   5%          5    ######.


Dungeon Overview and Level Annotations

Branches:
Dungeon (11/27)            Temple (1/1) D:7             Orc (2/4) D:6
   Lair: D:8-13

Altars:
Ashenzari
Cheibriados
Elyvilon
Fedhas
Kikubaaqudgha
Makhleb
Nemelex Xobeh
Sif Muna
Trog
Vehumet
Xom
Yredelemnul
Zin

Shops:
D:10: !

Annotations
D:8 exclusion: 2 killer bees
D:11 Nessos, Urug
Orc:2 Erica


Innate Abilities, Weirdness & Mutations

You can fly.
You have a beak for a mouth.
You have claws for feet.
You are resistant to hostile enchantments.
You are covered in fur (AC +1).
Your muscles are strong, but stiff (Str +1, Dex -1).


Message History

w - Wait here. f - Follow me.
Anything else - Stay silent.
Gang up on whom?
Press: ? - help, Dir - move target cursor, f - troll
Aim: a troll Attack!
The orc wizard looks braver.
Urug throws a javelin.
The javelin hits you!
Unknown command.
The ogre hits you with a giant club!
* * * LOW HITPOINT WARNING * * *
Your small abomination hits the ogre.
The crimson imp blinks!
The orc hits you with an orcish dagger.
* * * LOW HITPOINT WARNING * * *
The orc wizard looks braver.
Urug throws a javelin.
The javelin misses you.
The javelin hits your small abomination.
The ogre hits you with a giant spiked club!
You die...
Kikubaaqudgha rasps: "You have failed me!
Welcome... death!"

........... ....
............
.....
......5..... ....
...C......... .
#o...........
##<...........
#......x......
##...oOT§......
#..)x@O.......
#..>.#)xx........
. .##.#........ #
#######...p o.. .


You could see Urug, a hill giant, a troll, 2 ogres, an orc wizard, a crimson
imp, 4tharraofdagon's ghost, an orc and 4 friendly small abominations.

Vanquished Creatures
  Erolcha (D:10)
  Joseph (D:8)
  A queen ant (D:8)
  Grinder (D:6)
  2 yaks (D:8)
  Eustachio (D:5)
  3 hungry ghosts
  A hill giant skeleton (D:9)
  The ghost of JacquesDerrida the Bolt Thrower, an average TeHu of Kikubaaqudgha (D:4)
  A manticore (D:10)
  3 phantoms
  2 orc warriors
  19 soldier ants
  An ice beast (D:9)
  5 ogres
  4 centaurs
  4 wargs
  A brain worm (D:8)
  4 giant frogs
  A manticore zombie (D:7)
  A spectral elf (D:8)
  4 wights
  A wyvern skeleton (D:9)
  A quasit (D:8)
  A centaur zombie (D:5)
  A goliath beetle (D:9)
  2 hounds
  2 jellies
  8 crimson imps
  Crazy Yiuf (D:7)
  An orc priest (D:7)
  21 worker ants
  2 orc wizards
  4 scorpions
  3 iguanas
  Ijyb (D:3)
  An ogre skeleton (D:6)
  Terence (D:3)
  15 adders
  A giant mite (D:5)
  3 worms
  An iguana zombie (D:5)
  An adder skeleton (D:9)
  3 giant eyeballs
  An ooze (D:4)
  44 orcs
  16 bats
  A bat skeleton (D:6)
  A giant cockroach (D:2)
  14 goblins
  14 hobgoblins
  11 jackals
  9 quokkas
  A ball python (D:5)
  8 giant geckos
  6 giant newts
  A giant spore (D:6)
  2 jackal skeletons
  20 kobolds
  A kobold zombie (D:6)
  12 rats
  2 ballistomycetes (D:6)
301 creatures vanquished.

Vanquished Creatures (collateral kills)
  An efreet (D:11)
  A yak (D:9)
  3 ogres
  A crimson imp (D:9)
  3 wights
  An adder (D:10)
  5 orcs
  A quokka (D:9)
16 creatures vanquished.

Vanquished Creatures (others)
  A manticore skeleton (D:10)
  A giant centipede zombie (D:9)
  An orc (D:9)
  A fungus (D:4)
4 creatures vanquished.

Grand Total: 321 creatures vanquished

Notes
Turn   | Place    | Note
--------------------------------------------------------------
     0 | D:1      | JacquesDerrida, the Tengu Hunter, began the quest for the Orb.
     0 | D:1      | Reached XP level 1. HP: 12/12 MP: 0/0
   322 | D:1      | Reached XP level 2. HP: 14/17 MP: 2/2
   460 | D:1      | Reached skill level 5 in Crossbows
  1122 | D:2      | Reached XP level 3. HP: 16/21 MP: 3/3
  2019 | D:2      | Reached skill level 6 in Crossbows
  2019 | D:2      | Reached XP level 4. HP: 24/26 MP: 4/4
  3183 | D:3      | Noticed Terence
  3192 | D:3      | Killed Terence
  3491 | D:3      | Reached XP level 5. HP: 26/30 MP: 6/6
  3608 | D:3      | Noticed Ijyb
  3627 | D:3      | Killed Ijyb
  3627 | D:3      | Reached skill level 7 in Crossbows
  3974 | D:4      | Noticed JacquesDerrida's ghost (average TeHu)
  4001 | D:4      | Killed JacquesDerrida's ghost
  4001 | D:4      | Reached XP level 6. HP: 18/35 MP: 7/7
  4179 | D:4      | Reached skill level 8 in Crossbows
  4438 | D:4      | Found a bloodstained altar of Trog.
  4615 | D:4      | Reached skill level 1 in Spellcasting
  5218 | D:4      | Reached XP level 7. HP: 39/39 MP: 9/11
  5293 | D:4      | Found a blossoming altar of Fedhas.
  5401 | D:4      | Found a sparkling altar of Nemelex Xobeh.
  5614 | D:5      | Entered Level 5 of the Dungeon
  5981 | D:5      | Got a fine short sword
  5983 | D:5      | Identified the short sword of Reason {drain, Str+4 Int+2} (You found it on level 5 of the Dungeon)
  6115 | D:5      | Noticed Eustachio
  6160 | D:5      | Reached skill level 9 in Crossbows
  6720 | D:5      | Killed Eustachio
  6817 | D:6      | Reached XP level 8. HP: 42/44 MP: 17/17
  6902 | D:6      | Noticed a hungry ghost
  6906 | D:6      | Killed a hungry ghost
  6932 | D:6      | Reached skill level 10 in Crossbows
  6997 | D:6      | Noticed Grinder
  6997 | D:6      | Paralysed by Grinder for 6 turns
  7007 | D:6      | Paralysed by Grinder for 5 turns
  7018 | D:6      | Killed Grinder
  7018 | D:6      | Reached skill level 11 in Crossbows
  7355 | D:6      | Reached XP level 9. HP: 19/48 MP: 19/19
  7369 | D:6      | Found a staircase to the Orcish Mines.
  7898 | D:7      | Reached skill level 12 in Crossbows
  8285 | D:7      | Found a shimmering altar of Xom.
  8607 | D:7      | Found a staircase to the Ecumenical Temple.
  8678 | Temple   | Entered the Ecumenical Temple
  8769 | Temple   | Became a worshipper of Kikubaaqudgha
  8872 | D:7      | Noticed Crazy Yiuf
  8889 | D:7      | Killed Crazy Yiuf
  9239 | D:8      | Noticed Joseph
  9261 | D:8      | Killed Joseph
  9261 | D:8      | Reached skill level 13 in Crossbows
  9547 | D:8      | Paralysed by a giant eyeball for 4 turns
  9797 | D:8      | Found a basalt altar of Yredelemnul.
 10153 | D:9      | Reached skill level 14 in Crossbows
 10153 | D:9      | Reached XP level 10. HP: 22/53 MP: 20/20
 10343 | D:9      | Acquired Kikubaaqudgha's first power
 10343 | D:9      | Received a gift from Kikubaaqudgha
 10344 | D:9      | Identified Kikubaaqudgha's Almanac of Sinister Magic (Kikubaaqudgha gifted it to you on level 9 of the Dungeon)
 10347 | D:9      | Learned a level 1 spell: Animate Skeleton
 10351 | D:9      | Learned a level 3 spell: Vampiric Draining
 10411 | D:9      | Reached skill level 1 in Necromancy
 10581 | D:8      | Learned a level 4 spell: Control Undead
 11308 | D:9      | Noticed a queen ant
 11408 | D:8      | Killed a queen ant
 11408 | D:8      | Reached skill level 5 in Necromancy
 12108 | D:10     | Entered Level 10 of the Dungeon
 12266 | D:10     | Found Bojoo's Distillery.
 12577 | D:10     | Got a jade-encrusted ring mail
 12578 | D:10     | Identified the +4 ring mail of Creativity {rElec rC+} (You found it on level 10 of the Dungeon)
 13051 | D:10     | Bought a potion of curing for 28 gold pieces
 13051 | D:10     | Bought a potion of curing for 28 gold pieces
 13202 | D:10     | Noticed Erolcha
 13207 | D:10     | Gained mutation: You are resistant to hostile enchantments. [potion of mutation]
 13207 | D:10     | Gained mutation: Your muscles are strong, but stiff (Str +1, Dex -1). [potion of mutation]
 13207 | D:10     | Gained mutation: You are covered in fur (AC +1). [potion of mutation]
 13221 | D:10     | Killed Erolcha
 13263 | D:11     | Noticed a hill giant
 13306 | D:11     | Noticed Nessos
 13306 | D:11     | Noticed a cyclops
 13312 | D:10     | Acquired Kikubaaqudgha's second power
 13938 | D:9      | Reached XP level 11. HP: 57/57 MP: 22/22
 14147 | D:9      | Reached skill level 15 in Crossbows
 15772 | Orc:1    | Entered Level 1 of the Orcish Mines
 15856 | Orc:1    | Received a gift from Kikubaaqudgha
 15857 | Orc:1    | Identified Kikubaaqudgha's Tome of Black Magic (Kikubaaqudgha gifted it to you on level 1 of the Orcish Mines)
 15876 | Orc:1    | Learned a level 4 spell: Animate Dead
 16155 | Orc:2    | Noticed Erica
 16198 | D:6      | Learned a level 5 spell: Twisted Resurrection
 16657 | D:11     | Noticed Urug
 16659 | D:11     | Mangled by an ogre

Action                   |  1- 3 |  4- 6 |  7- 9 | 10-12 || total
-------------------------+-------+-------+-------+-------++-------
Melee: Short sword       |   107 |    37 |   138 |   114 ||   396
       Dagger            |       |   119 |    61 |    18 ||   198
 Fire: Crossbow          |     8 |    38 |    94 |    95 ||   235
       Blowgun           |       |    10 |    21 |   102 ||   133
 Cast: Vampiric Draining |       |       |       |    30 ||    30
       Control Undead    |       |       |       |    12 ||    12
       Animate Skeleton  |       |       |       |     2 ||     2
       Twisted Resurrect |       |       |       |     4 ||     4
       Animate Dead      |       |       |       |     2 ||     2
Invok: Receive Corpses   |       |       |       |    11 ||    11
Evoke: Wand              |       |       |    11 |    17 ||    28
  Use: Scroll            |       |     1 |    24 |     8 ||    33
       Potion            |       |       |     6 |    16 ||    22
 Stab: Sleeping          |     1 |       |       |     1 ||     2
       Distracted        |       |       |       |     3 ||     3
